AoeStats
← leloxos

Arabia

509439609Analyzed
2v2 RM · 4d ago on Sep 26, 2026· 122m 26s· 4 players
Game mode
Random Map
Map size
Medium (4 player)
Population
200
Speed
Normal
Resources
Standard
Victory
Conquest
Starting age
Dark Age
Ending age
Imperial Age
RankedLock teamsTeams togetherTeam positionsShared explorationLock speedFull tech treeHidden civsTurbo modeCheats
Victory
Defeat
🇩🇪 Inca · Germany
1125
+17
🇩🇪 Maya · Germany
1123
+17
🇩🇰 Ethiopians · Denmark
1150
-17
🇩🇰 Khitans · Denmark
1148
-17
leloxos
10:26 Feudal Age
10:59 Double-Bit Axe
12:18 Horse Collar
13:04 Scale Mail Armor
12:34 Champi Runner
14:47 Loom
22:23 Castle Age
20:54 Gold Mining
22:25 Forging
22:48 Champi Warrior
22:51 Pikeman
23:50 Chain Mail Armor
24:32 Heavy Plow
24:31 Arson
24:48 Squires
25:56 Iron Casting
27:03 Bow Saw
28:55 Wheelbarrow
29:55 Gold Shaft Mining
36:33 Imperial Age
35:27 Stone Mining
37:11 Stone Shaft Mining
36:40 Elite Champi Warrior
38:01 Plate Mail Armor
39:09 Blast Furnace
39:36 Halberdier
41:55 Fabric Shields
42:44 Hand Cart
45:30 Elite Kamayuk
48:55 Crop Rotation
64:08 Caravan
80:45 Fletching
92:03 Bodkin Arrow
102:13 Bracer
109:41 Ballistics
110:23 Andean Sling
Tonio
0:32 Loom
9:30 Feudal Age
10:51 Double-Bit Axe
15:04 Fletching
15:15 Padded Archer Armor
17:58 Horse Collar
18:12 Gold Mining
24:30 Castle Age
25:45 Bodkin Arrow
26:23 Leather Archer Armor
28:31 Wheelbarrow
28:07 Bow Saw
27:58 Heavy Plow
28:31 Crossbowman
29:19 Thumb Ring
31:27 Ballistics
31:32 Hand Cart
34:17 Town Watch
39:30 Imperial Age
39:25 Squires
39:11 Arson
38:47 Pikeman
39:55 Scale Mail Armor
40:13 Town Patrol
40:41 Arbalester
41:23 Bracer
42:48 Chemistry
42:44 Conscription
43:25 Ring Archer Armor
44:12 Chain Mail Armor
44:08 Forging
47:04 Elite Plumed Archer
48:29 Halberdier
58:59 Plate Mail Armor
59:04 Iron Casting
62:33 Masonry
62:54 Sappers
66:33 Caravan
81:26 Blast Furnace
81:18 Hoardings
м0ммe.exe
2:50 Loom
10:05 Feudal Age
11:39 Double-Bit Axe
12:58 Domestication
20:03 Forging
20:00 Scale Barding Armor
22:09 Castle Age
21:16 Gold Mining
23:52 Wheelbarrow
23:37 Bow Saw
23:28 Pastoralism
23:21 Stone Mining
27:03 Iron Casting
27:40 Husbandry
28:21 Chain Barding Armor
34:38 Stone Shaft Mining
40:49 Imperial Age
39:33 Murder Holes
39:59 Ballistics
39:49 Masonry
39:50 Fortified Wall
41:58 Elite Steppe Lancer
44:43 Plate Barding Armor
48:44 Conscription
48:25 Scale Mail Armor
49:43 Ordo Cavalry
53:25 Transhumance
55:16 Chain Mail Armor
57:44 Chemistry
56:51 Siege Engineers
59:06 Light Cavalry
60:10 Hand Cart
59:41 Town Watch
60:47 Plate Mail Armor
65:02 Caravan
68:37 Town Patrol
76:29 Elite Liao Dao
82:12 Capped Ram
83:44 Siege Ram
93:49 Fletching
94:00 Padded Archer Armor
97:28 Elite Skirmisher
110:04 Thumb Ring
116:14 Bodkin Arrow
116:34 Leather Archer Armor
lille chef
7:54 Loom
10:28 Feudal Age
11:41 Double-Bit Axe
16:04 Fletching
19:56 Castle Age
19:37 Padded Archer Armor
20:17 Crossbowman
21:38 Wheelbarrow
21:29 Bodkin Arrow
22:56 Bow Saw
26:47 Forging
26:37 Scale Mail Armor
31:02 Chain Mail Armor
34:44 Iron Casting
38:25 Imperial Age
36:37 Scale Barding Armor
36:50 Hand Cart
38:20 Chain Barding Armor
39:31 Torsion Engines
40:24 Loom
40:24 Town Watch
40:27 Onager
43:24 Chemistry
42:54 Siege Engineers
44:45 Blast Furnace
45:46 Bracer
46:15 Conscription
47:37 Plate Mail Armor
54:12 Siege Onager
55:58 Light Cavalry
80:18 Horse Collar
95:45 Halberdier
95:57 Man-at-Arms
96:30 Long Swordsman
102:44 Two-Handed Swordsman
Connection lost

Rejoining the realm…

Still unreachable

The connection could not be restored.

Session expired

The server has moved on; the page needs a fresh start.